 Dungeon Crawl Stone Soup version 0.16-a0-296-gbdb9f68 (webtiles) character file.

57893 Kashira the Destroyer (level 14, 0/74 HPs)
             Began as a Tengu Air Elementalist on Aug 29, 2014.
             Was the Champion of Qazlal.
             Slain by a wolf spider (18 damage)
             ... on Level 4 of the Lair of Beasts on Aug 30, 2014.
             The game lasted 05:51:46 (29624 turns).

Kashira the Destroyer (Tengu Air Elementalist)     Turns: 29624, Time: 05:51:46

HP   0/74        AC 19     Str  8      XL: 14   Next: 88%
MP   0/35        EV 17     Int 18      God: Qazlal [******]
Gold 474         SH  8     Dex 18      Spells: 12 memorised,  1 level left

rFire  . . .     SeeInvis .     e - staff of air
rCold  . . .     Clarity  .     k - +0 troll leather armour
rNeg   . . .     rCorr    .     (no shield)
rPois  +         rRot     .     (helmet restricted)
rElec  +         Spirit   +     y - +1 cloak
SustAb .         Warding  .     m - +0 pair of gloves
rMut   .         Stasis   .     (boots unavailable)
Gourm  .                        u - cursed amulet of guardian spirit
MR     +....                    a - ring of poison resistance
                                s - ring of Robustness {AC+8}

@: lethally poisoned, protected from physical damage, repel missiles, somewhat
resistant to hostile enchantments, very unstealthy
A: able to fly, beak, talons 3
a: Fly, Upheaval, Elemental Force, Disaster Area, Renounce Religion


You were on level 4 of the Lair of Beasts.
You worshipped Qazlal.
Qazlal was exalted by your worship.
You were not hungry.

You visited 5 branches of the dungeon, and saw 25 of its levels.
You also visited: Ossuary.

You collected 2249 gold pieces.
You spent 1775 gold pieces at shops.

Inventory:

Hand weapons
 p - a +2 hunting sling of flaming
Missiles
 B - 15 tomahawks
 K - 4 throwing nets (quivered)
 W - 21 poisoned sling bullets
Armour
 k - a +0 troll leather armour (worn)
 m - a +0 pair of gloves (worn)
 y - a +1 cloak (worn)
Magical devices
 d - a wand of confusion (12) {unknown}
 f - a wand of enslavement (10)
 o - a wand of fire (8) {unknown}
 F - a wand of frost (16)
 G - a wand of digging (4)
Comestibles
 c - 8 bread rations
 q - 3 chunks of giant frog flesh
Scrolls
 g - a scroll of remove curse
 h - 4 scrolls of identify
 r - 2 scrolls of teleportation
 v - 3 scrolls of enchant armour
 L - 5 scrolls of fear
 R - a scroll of magic mapping
 S - a scroll of recharging
Jewellery
 a - a ring of poison resistance (right hand)
 j - an uncursed ring of protection from fire
 s - the ring of Robustness (left hand) {AC+8}
   (You bought it in a shop on level 4 of the Orcish Mines)

   [ring of protection]

   It affects your AC (+8).
 u - a cursed amulet of guardian spirit (around neck)
 D - the ring "Thruseop" {Fire Dex-2 Int+1, unknown}
   (You found it on level 5 of the Lair of Beasts)

   [ring of fire]

   It enhances your fire magic, and weakens your ice magic.
   It affects your intelligence (+1).
   It affects your dexterity (-2).
   It protects you from fire.
   It makes you vulnerable to cold.
 N - a +6 ring of slaying
 U - an uncursed ring of positive energy
Potions
 b - 2 potions of cancellation
 l - a potion of berserk rage
 A - 3 potions of brilliance
 C - a potion of might
 H - 5 potions of agility
Books
 n - a book of Annihilations

   Spells                             Type                      Level
   Poison Arrow                       Conjuration/Poison           6
   Chain Lightning                    Conjuration/Air              8
   Lehudib's Crystal Spear            Conjuration/Earth            8
   Glaciate                           Conjuration/Ice              9
   Fire Storm                         Conjuration/Fire             9
 x - a book of Wizardry

   Spells                             Type                      Level
   Agony                              Necromancy                   5
   *Force Lance                       Conjuration                  5
   Dispersal                          Translocation                6
   Haste                              Charms                       6
   Invisibility                       Hexes                        6
   Spellforged Servitor               Conjuration/Summoning        7
 T - a book of Power

   Spells                             Type                      Level
   Fulminant Prism                    Conjuration/Hexes            4
   *Iskenderun's Mystic Blast         Conjuration                  4
   *Venom Bolt                        Conjuration/Poison           5
   Bolt of Magma                      Conjuration/Fire/Earth       5
   Iron Shot                          Conjuration/Earth            6
   Orb of Destruction                 Conjuration                  7
Magical staves
 e - an uncursed staff of air (weapon)
Miscellaneous
 i - a sack of spiders


   Skills:
 + Level 3.0 Fighting
   Level 0.4 Short Blades
 + Level 1.2 Staves
 + Level 2.4(2.6) Slings
 - Level 1.6(2.4) Throwing
 + Level 5.9 Armour
 + Level 9.0 Dodging
 + Level 4.1 Stealth
 + Level 13.3 Spellcasting
 + Level 15.5 Conjurations
 + Level 0.1 Charms
 + Level 1.6 Transmutations
 + Level 14.9 Air Magic
 + Level 3.0 Earth Magic
 + Level 3.2 Poison Magic
 + Level 1.6 Evocations


You had one spell level left.
You knew the following spells:

 Your Spells              Type           Power        Failure   Level  Hunger
a - Shock                 Conj/Air       ####         0%          1    None
b - Repel Missiles        Chrm/Air       ######       1%          2    None
c - Swiftness             Chrm/Air       ######..     1%          2    None
d - Lightning Bolt        Conj/Air       #######...   1%          5    ###....
e - Stoneskin             Trmt/Erth      ##......     3%          2    None
f - Stone Arrow           Conj/Erth      ###...       1%          3    None
g - Mephitic Cloud        Conj/Pois/Air  ######..     1%          3    None
h - Iskenderun's Mystic   Conj           ######..     1%          4    #......
i - Force Lance           Conj           ######..     1%          5    ###....
j - Venom Bolt            Conj/Pois      #####.....   3%          5    ###....
k - Cure Poison           Pois           ###.......   1%          2    None
l - Olgreb's Toxic Radia  Pois           ###.....     17%         4    #......


Dungeon Overview and Level Annotations

Branches:
Dungeon (12/15)            Temple (1/1) D:6             Orc (4/4) D:9
    Elf (0/3) Orc:4          Lair (7/8) D:9           Swamp (0/5) Lair:6
 Spider (1/5) Lair:4
  Slime: Lair:6-8

Altars:
Cheibriados
Dithmenos
Elyvilon
Fedhas
Gozag
Kikubaaqudgha
Makhleb
Nemelex Xobeh
Okawaru
Qazlal
Sif Muna
Vehumet
Xom
The Shining One
Beogh

Shops:
D:5 !   D:7 (   Orc:4 [=[(}

Annotations:
Spider:1 Agnes; inmateoo's ghost, mighty TrWr


Innate Abilities, Weirdness & Mutations

You can fly.
You have a beak for a mouth.
You have claws for feet.


Message History

The boring beetle is almost dead.
You feel sick. The wolf spider misses you.
The wolf spider bites you but does no damage.
The wolf spider hits you but does no damage.
You block the wolf spider's attack.
You feel sick.
Casting: Venom Bolt
Confirm with . or Enter, or press ? or * to list all spells.
Aiming: Shock
Press: ? - help, Shift-Dir - straight line, f/p - wolf spider
Aim: a wolf spider (almost dead)
You feel a surge of power!
The zap hits the wolf spider.
The wolf spider appears unharmed.
The wolf spider is almost dead.
The zap hits the boring beetle.
The boring beetle is almost dead.
You kill the boring beetle!
Qazlal accepts your kill. The wolf spider hits you!!
You die...

#.#.....#########....# ##..#
###P......##P.#.....## #....
#..................# ###..
#P.................######.§.
##...................##.##..
##.....................####.
##..........§..........#..##.
###.#.........§§............##.
#.###.......§§@.§..........##..
#..##.........s§...............
#...........§.................
##.#......##.%.#..............
##......###..####............
#......##.#.#.##........P...
###......#.....#.............
###.#.........>................
#................#.............


You could see a wolf spider.

Vanquished Creatures
  Donald (Orc:3)
  Fannar (Lair:5)
  Harold (Lair:5)
  6 hydras
  Nessos (Orc:3)
  3 orc high priests (Orc:4)
  Nergalle (D:10)
  Erolcha (D:10)
  An unseen horror (D:10)
  A lindwurm (Lair:7)
  2 hill giants (D:11)
  Pikel (D:8)
  4 orc knights (Orc:4)
  5 orc sorcerers (Orc:4)
  A manticore (D:11)
  A cyclops (D:12)
  5 griffons
  14 elephants (Lair:6)
  2 black mambas
  A smoke demon (Orc:4)
  2 torpor snails (Lair:5)
  An item mimic (Lair:2)
  Psyche (D:10)
  6 komodo dragons
  9 spiny frogs
  2 fire drakes
  2 jumping spiders
  2 two-headed ogres
  2 trolls
  20 blink frogs
  A baby alligator (Lair:6)
  2 slime creatures (Lair:7)
  2 basilisks
  A trapdoor spider (D:12)
  A shadow (D:12)
  5 redbacks (Spider:1)
  5 wyverns
  A deep elf mage (D:12)
  21 yaks
  Eustachio (D:8)
  3 hippogriffs
  A hungry ghost (D:9)
  A fire bat (D:11)
  Edmund (D:8)
  6 wolves
  7 wargs
  10 porcupines
  13 water moccasins
  A yellow wasp (D:11)
  A sky beast (D:6)
  3 ice beasts
  A black bear (Lair:5)
  3 phantoms
  9 crocodiles
  24 orc warriors
  4 centaurs
  10 ogres
  A boring beetle (Lair:4)
  Sigmund (D:4)
  An elf zombie (Ossuary)
  22 giant frogs
  A big kobold (D:9)
  A warg zombie (D:11)
  5 wights (D:9)
  4 scorpions
  A yak zombie (D:9)
  6 crimson imps
  A quasit (D:9)
  6 killer bees (D:11)
  4 electric eels
  4 goliath beetles
  10 hounds
  5 jellies
  A black bear zombie (D:6)
  8 iguanas
  21 orc priests
  41 orc wizards
  6 worker ants
  Natasha (thrice) (D:5)
  7 sheep
  5 orange rats
  Jessica (D:2)
  Terence (D:3)
  4 mummies
  11 gnolls
  21 adders
  32 green rats
  A scorpion zombie (D:11)
  3 shadow imps
  5 worms
  6 giant mites
  An adder zombie (Ossuary)
  2 iguana skeletons (D:6)
  An ooze (D:4)
  151 orcs
  9 giant cockroaches
  19 goblins
  17 hobgoblins
  17 jackals
  18 quokkas
  3 ball pythons
  13 bats
  3 giant geckos
  8 giant newts
  2 giant spores (D:8)
  A goblin zombie (Ossuary)
  7 hobgoblin zombies (Ossuary)
  2 jackal zombies (Ossuary)
  18 kobolds
  11 kobold zombies (Ossuary)
  17 orc zombies
  22 rats
  2 rat zombies (Ossuary)
  A ballistomycete (D:8)
  2 bushes
  36 fungi
  26 plants
897 creatures vanquished.

Vanquished Creatures (collateral kills)
  An elephant (Lair:6)
1 creature vanquished.

Vanquished Creatures (others)
  A fire elemental (Lair:5)
  3 slaves (D:8)
  A scorpion (D:8)
  A giant gecko (D:8)
  An orc (D:8)
  A quokka (D:10)
  2 giant spores (D:8)
  6 fungi
  3 plants (Lair:6)
19 creatures vanquished.

Grand Total: 917 creatures vanquished

Notes
Turn   | Place    | Note
--------------------------------------------------------------
     0 | D:1      | Kashira, the Tengu Air Elementalist, began the quest for the Orb.
     0 | D:1      | Reached XP level 1. HP: 10/10 MP: 3/3
   325 | D:1      | Reached XP level 2. HP: 15/15 MP: 1/5
  1158 | D:2      | Reached XP level 3. HP: 19/19 MP: 1/7
  1266 | D:2      | Reached skill level 5 in Air Magic
  1478 | D:2      | Reached XP level 4. HP: 24/24 MP: 1/9
  1822 | D:2      | Noticed Jessica
  1827 | D:2      | Killed Jessica
  1827 | D:2      | Reached XP level 5. HP: 23/28 MP: 7/13
  2063 | D:3      | Noticed Terence
  2239 | D:3      | Learned a level 2 spell: Repel Missiles
  2242 | D:3      | Learned a level 2 spell: Swiftness
  2295 | D:3      | Found a blossoming altar of Fedhas.
  2369 | D:3      | Killed Terence
  2722 | D:3      | Reached XP level 6. HP: 32/32 MP: 13/15
  3127 | D:4      | Found a shadowy altar of Dithmenos.
  3127 | D:4      | Found a radiant altar of Vehumet.
  3153 | D:4      | Noticed Sigmund
  3228 | D:4      | Reached skill level 6 in Air Magic
  3270 | D:4      | Learned a level 5 spell: Lightning Bolt
  3534 | D:5      | Entered Level 5 of the Dungeon
  3534 | D:5      | Noticed Natasha
  3541 | D:5      | Killed Natasha
  3562 | D:5      | Found Ciroluk's Distillery.
  3573 | D:5      | Noticed Natasha
  3584 | D:5      | Killed Natasha
  3595 | D:5      | Bought a potion of heal wounds for 45 gold pieces
  3595 | D:5      | Bought a potion of might for 37 gold pieces
  3595 | D:5      | Bought a potion of curing for 30 gold pieces
  3595 | D:5      | Bought a potion of agility for 37 gold pieces
  3609 | D:5      | Reached XP level 7. HP: 33/36 MP: 6/18
  3632 | D:5      | Reached skill level 1 in Armour
  3768 | D:5      | Noticed Natasha
  3773 | D:5      | Killed Natasha
  3808 | D:5      | Reached skill level 7 in Air Magic
  3820 | D:5      | Found a deep blue altar of Sif Muna.
  3833 | D:5      | Found a glowing golden altar of the Shining One.
  4135 | D:5      | Bought a potion of degeneration for 30 gold pieces
  4135 | D:5      | Bought 2 potions of curing for 60 gold pieces
  4521 | D:4      | Killed Sigmund
  4521 | D:4      | Reached skill level 5 in Spellcasting
  4521 | D:4      | Reached skill level 5 in Conjurations
  4521 | D:4      | Reached XP level 8. HP: 36/41 MP: 9/21
  4675 | D:6      | Found a staircase to the Ecumenical Temple.
  4681 | Temple   | Entered the Ecumenical Temple
  4695 | Temple   | Became a worshipper of Qazlal Stormbringer
  4855 | D:6      | Found an iron altar of Okawaru.
  5066 | D:6      | Noticed a troll
  5082 | D:7      | Found a sand-covered staircase.
  5090 | D:7      | Reached skill level 8 in Air Magic
  5183 | Ossuary  | Entered an ossuary
  5218 | Ossuary  | Acquired Qazlal's first power
  5630 | Ossuary  | Acquired Qazlal's second power
  5746 | D:7      | Found Xoowi's Antique Weapon Shop.
  5927 | D:6      | Reached XP level 9. HP: 21/45 MP: 11/24
  6084 | D:6      | Reached skill level 1 in Slings
  6274 | D:7      | Learned a level 2 spell: Stoneskin
  6278 | D:7      | Learned a level 3 spell: Stone Arrow
  6280 | D:7      | Learned a level 1 spell: Sandblast
  6332 | D:7      | Found a glowing golden altar of the Shining One.
  6856 | D:8      | Noticed Eustachio
  7267 | D:8      | Reached skill level 9 in Air Magic
  7344 | D:8      | Killed Eustachio
  7426 | D:8      | Acquired Qazlal's third power
  7668 | D:8      | Noticed Edmund
  7679 | D:8      | Killed Edmund
  7866 | D:8      | Noticed Pikel
  7890 | D:8      | Killed Pikel
  7890 | D:8      | Reached skill level 1 in Transmutations
  7890 | D:8      | Reached XP level 10. HP: 35/51 MP: 0/27
  8073 | D:8      | Learned a level 4 spell: Iskenderun's Mystic Blast
  8406 | D:9      | Reached skill level 10 in Air Magic
  8423 | D:9      | Reached skill level 5 in Dodging
  8682 | D:9      | Reached skill level 1 in Fighting
  8834 | D:9      | Acquired Qazlal's fourth power
  9210 | D:9      | Found a white marble altar of Elyvilon.
  9298 | D:9      | Found a staircase to the Lair.
  9370 | D:9      | Found a roughly hewn altar of Beogh.
  9408 | D:9      | Reached skill level 10 in Conjurations
  9853 | D:9      | Found a staircase to the Orcish Mines.
  9880 | D:10     | Entered Level 10 of the Dungeon
  9880 | D:10     | Noticed Nergalle
  9884 | D:10     | Noticed Erolcha
  9885 | D:10     | Killed Nergalle
  9885 | D:10     | Reached XP level 11. HP: 56/56 MP: 4/29
  9968 | D:9      | Reached skill level 11 in Air Magic
 10083 | D:10     | Killed Erolcha
 10254 | D:10     | Noticed Psyche
 10259 | D:10     | Killed Psyche
 10914 | D:11     | Noticed a hill giant
 10918 | D:11     | Killed a hill giant
 10918 | D:11     | Reached skill level 1 in Earth Magic
 11336 | D:11     | Acquired Qazlal's fifth power
 11793 | D:11     | Reached skill level 1 in Evocations
 11903 | D:11     | Learned a level 5 spell: Force Lance
 11940 | D:11     | Noticed a hill giant
 11957 | D:11     | Killed a hill giant
 12496 | D:12     | Reached skill level 10 in Spellcasting
 12607 | D:10     | Killed an unseen horror
 12792 | Lair:1   | Entered Level 1 of the Lair of Beasts
 12815 | Lair:1   | Reached skill level 12 in Air Magic
 12828 | Lair:1   | HP: 1/57 [blink frog (7)]
 12832 | D:9      | Reached XP level 12. HP: 29/62 MP: 0/31
 13709 | Lair:1   | Identified a scroll of acquirement
 13715 | Lair:1   | Learned a level 3 spell: Mephitic Cloud
 14196 | Lair:2   | Gained mutation: Your spells are a little easier to cast, but a little less powerful. [mutagenic glow]
 14239 | Lair:2   | Gained mutation: You are weak. (Str -2) [mutagenic glow]
 14290 | Lair:2   | Gained mutation: You are dopey. (Int -2) [mutagenic glow]
 16392 | Lair:3   | Reached skill level 13 in Air Magic
 16420 | Lair:3   | Learned a level 5 spell: Venom Bolt
 17098 | Lair:4   | Noticed a seven-headed hydra
 17328 | Orc:1    | Entered Level 1 of the Orcish Mines
 19338 | Orc:3    | Noticed Donald
 19376 | Orc:3    | Killed Donald
 19376 | Orc:3    | Reached skill level 1 in Poison Magic
 19376 | Orc:3    | Reached XP level 13. HP: 59/66 MP: 2/33
 19620 | Orc:3    | Noticed Nessos
 19922 | Orc:2    | Learned a level 2 spell: Cure Poison
 20041 | Orc:3    | Killed Nessos
 20219 | Orc:3    | Found a radiant altar of Vehumet.
 20289 | Orc:4    | Entered Level 4 of the Orcish Mines
 20602 | Orc:4    | Reached skill level 1 in Throwing
 20947 | Orc:4    | Found Oklidel's Armour Shoppe.
 20955 | Orc:4    | Found a staircase to the Elven Halls.
 22532 | Orc:4    | Reached skill level 14 in Conjurations
 22617 | Orc:4    | Found Fecius' Gadget Boutique.
 22622 | Orc:4    | Found Tahee's Antique Armour Emporium.
 22625 | Orc:4    | Found Erruoj's Jewellery Emporium.
 22627 | Orc:4    | Found Tysch's Weapon Boutique.
 22680 | Orc:4    | Bought the ring of Robustness {AC+8} for 1536 gold pieces
 23080 | Lair:4   | Killed a seven-headed hydra
 23386 | Lair:4   | Found a hole to the Spider Nest.
 23969 | Lair:4   | Noticed a four-headed hydra
 23989 | Lair:4   | Killed a four-headed hydra
 24845 | Lair:5   | Noticed Harold
 25504 | Lair:4   | Reached skill level 5 in Armour
 25504 | Lair:4   | Reached XP level 14. HP: 57/72 MP: 20/35
 25591 | Lair:5   | Noticed Fannar
 25784 | Lair:5   | Killed Fannar
 26216 | Lair:5   | Killed Harold
 26410 | Lair:5   | Lost mutation: You are dopey. (Int -2) [potion of cure mutation]
 26410 | Lair:5   | Lost mutation: You are weak. (Str -2) [potion of cure mutation]
 26410 | Lair:5   | Lost mutation: Your spells are a little easier to cast, but a little less powerful. [potion of cure mutation]
 26453 | Lair:5   | Got a glittering amber ring
 26498 | Lair:5   | Found a snail-covered altar of Cheibriados.
 26771 | Lair:2   | Learned a level 4 spell: Olgreb's Toxic Radiance
 26882 | Spider:1 | Entered Level 1 of the Spider Nest
 26898 | Spider:1 | Noticed inmateoo's ghost (mighty TrWr)
 26905 | Spider:1 | Noticed Agnes
 27597 | Lair:6   | Reached skill level 15 in Conjurations
 27898 | Lair:6   | Reached skill level 1 in Staves
 28528 | Lair:6   | Found a staircase to the Swamp.
 29624 | Lair:4   | Slain by a wolf spider

Action                   |  1- 3 |  4- 6 |  7- 9 | 10-12 | 13-15 || total
-------------------------+-------+-------+-------+-------+-------++-------
Melee: Dagger            |    12 |    12 |       |     6 |       ||    30
       Staff             |       |     3 |    16 |    26 |   147 ||   192
       Hunting sling     |       |       |     1 |       |       ||     1
 Fire: Hunting sling     |       |       |    23 |       |       ||    23
Throw: Throwing net      |       |       |     3 |       |     3 ||     6
       Tomahawk          |       |       |       |       |    20 ||    20
 Cast: Shock             |    71 |   160 |   409 |   853 |   528 ||  2021
       Repel Missiles    |       |     1 |     1 |       |     1 ||     3
       Lightning Bolt    |       |       |    10 |    55 |    67 ||   132
       Stoneskin         |       |       |     8 |    11 |     5 ||    24
       Sandblast         |       |       |     3 |       |       ||     3
       Iskenderun's Myst |       |       |       |    76 |    15 ||    91
       Stone Arrow       |       |       |       |    40 |    78 ||   118
       Force Lance       |       |       |       |    11 |     2 ||    13
       Venom Bolt        |       |       |       |     8 |    55 ||    63
       Mephitic Cloud    |       |       |       |     6 |     2 ||     8
       Olgreb's Toxic Ra |       |       |       |       |     2 ||     2
 Abil: Fly               |       |       |       |     1 |       ||     1
Evoke: Wand              |       |       |     3 |    13 |     3 ||    19
       Lamp of fire      |       |       |       |       |     1 ||     1
  Use: Scroll            |       |     3 |     4 |    23 |     8 ||    38
       Potion            |       |       |     2 |     4 |    12 ||    18
 Stab: Sleeping          |     1 |       |       |       |       ||     1
  Eat: Chunk             |     2 |     7 |    11 |    41 |    40 ||   101
       Bread ration      |       |       |     1 |     1 |     2 ||     4
       Beef jerky        |       |       |       |     2 |     2 ||     4
       Meat ration       |       |       |       |     1 |     1 ||     2
